 Dungeon Crawl Stone Soup version 0.29.0-4-gdea44cf6ec (webtiles) character file.

Game seed: 13934563644555450862

18 qw the Sneak (level 2, -1/19 HPs)
             Began as a Gargoyle Delver on Sept 10, 2022.
             Slain by an ufetubus (4 damage)
             ... on level 4 of the Dungeon.
             The game lasted 00:00:07 (443 turns).

qw the Sneak (Gargoyle Delver)                       Turns: 443, Time: 00:00:08

Health: -1/19      AC:  5    Str: 15    XL:     2   Next: 70%
Magic:  2/2        EV: 11    Int: 10    God:
Gold:   0          SH:  0    Dex: 11    Spells: 1/1 levels left

rFire   . . .      SeeInvis .   a - +0 hand axe
rCold   . . .      Faith    .   (no shield)
rNeg    + . .      Spirit   .   b - +0 leather armour
rPois   inf        Reflect  .   (no helmet)
rElec   +          Harm     .   (no cloak)
rCorr   .          Rampage  .   (no gloves)
Will    .....                   (no boots)
Stlth   +++.......              (no amulet)
HPRegen 0.06/turn               (no ring)
MPRegen 0.08/turn               (no ring)

@: no status effects
A: sickness immunity, AC +2, negative energy resistance 1, electricity
resistance, torment resistance 1, petrification resistance
a: no special abilities


You were on level 4 of the Dungeon.
You visited 1 branch of the dungeon, and saw 2 of its levels.


Innate Abilities, Weirdness & Mutations

You are immune to sickness and miasma.
Your stone body is resilient. (AC +2)
You are immune to poison.
You resist negative energy. (rN+)
You are resistant to electric shocks. (rElec)
You are resistant to unholy torment.
You are immune to petrification.


   Skills:
 - Level 3.2 Fighting
 + Level 2.9 Axes
 - Level 1.5 Dodging
 - Level 5.4 Stealth


You had one spell level left.
You didn't know any spells.
Your spell library was empty.

Inventory:

Hand Weapons
 a - a +0 hand axe (weapon)
Armour
 b - a +0 leather armour (worn)
Wands
 g - a wand of digging (3)
Scrolls
 c - a scroll of butterflies {unknown}
Potions
 f - a potion of haste
 h - a potion of curing {unknown}

Dungeon Overview and Level Annotations

Branches:
Dungeon (5/15)
 Temple: D:4-7

Altars:


Message History

The adder bites you. The adder bites you but does no damage.
You slash the adder!
You kill the adder!
You start resting.
HP restored.
Found 6 stones.
You see here 5 stones.
c - a scroll labelled PULOMM ZANIR An ufetubus comes into view.
The ufetubus shouts!
You closely miss the ufetubus. The ufetubus barely misses you.
The ufetubus hits you but does no damage.
The ufetubus barely misses you. x2
You completely miss the ufetubus. Your punch misses the ufetubus.
The ufetubus misses you. The ufetubus barely misses you.
You closely miss the ufetubus. The ufetubus hits you.
The ufetubus closely misses you.
The ufetubus hits you but does no damage.
The ufetubus misses you.
You completely miss the ufetubus. The ufetubus closely misses you.
The ufetubus hits you.
The ufetubus hits you but does no damage.
The ufetubus hits you.
You hit the ufetubus.
The ufetubus is moderately wounded.
The ufetubus hits you. The ufetubus barely misses you. x2
The ufetubus hits you.
You barely miss the ufetubus.
The ufetubus is moderately wounded.
The ufetubus hits you.
The ufetubus hits you but does no damage.
You hit the ufetubus.
The ufetubus is severely wounded.
The ufetubus barely misses you. The ufetubus hits you.
The ufetubus barely misses you. x2
You miss the ufetubus.
The ufetubus is severely wounded.
The ufetubus hits you.
You die...

#############
#.........@.#
#.####.####5#
#.# .# #.# ##
#.#
########.#######
................
######.########
#...##


You could see an ufetubus.

Vanquished Creatures
  2 adders
  A ball python (D:4)
3 creatures vanquished.

Notes
Turn   | Place    | Note
-------+----------+-------------------------------------------
     0 | D:5      | qw the Gargoyle Delver began the quest for the Orb.
     0 | D:5      | Reached XP level 1. HP: 14/14 MP: 1/1
     0 | D:5      | 0 ||| qw: Version: 0.1-a-116-g5d60599
     0 | D:5      | 0 ||| qw: Game counter: 9100
     0 | D:5      | 0 ||| qw: Always use a shield: true
     0 | D:5      | 0 ||| qw: God list: Okawaru
     0 | D:5      | 0 ||| qw: Allow faded altars: false
     0 | D:5      | 0 ||| qw: Do Orc after D:15 true
     0 | D:5      | 0 ||| qw: Do second Lair branch before Depths: true
     0 | D:5      | 0 ||| qw: Lair rune preference: random
     0 | D:5      | 0 ||| qw: Plans: Normal
     0 | D:5      | 0 ||| PLANNING D:1-11
    17 | D:5      | 17 ||| DROPPING scroll of fog.
    18 | D:5      | 18 ||| DROPPING scroll of magic mapping.
    19 | D:5      | 19 ||| DROPPING scroll of fear.
    24 | D:5      | 24 ||| Stepping ~*~*~tactically~*~*~ (stealth).
    42 | D:5      | Reached XP level 2. HP: 13/19 MP: 2/2
   442 | D:4      | HP: 3/19 [ufetubus (4)]
   443 | D:4      | Slain by an ufetubus

Levels and vault maps discovered:
D:4:      layout_rooms, serial_undead, serial_undead_e, serial_undead_f,
          serial_undead_f, serial_undead_c, minmay_crystal_water,
          roderic_lattice_a, nicolae_underground_beach
D:5:      layout_layer_cave, uniq_blork_the_orc

Skill      XL: |  1 |
---------------+----+-----
Axes           | 2 |  2.9
Fighting       | |  3.2
Dodging        | |  1.5
Stealth        | |  5.4

Action                   || total
-------------------------++-------
Melee: Hand axe          ||    34
 Stab: Distracted        ||     1
Armor: Leather armour    ||    20
Dodge: Dodged            ||    23

Table legend:
 A = Non-vault XP
 B = Vault XP
 C = Vault XP percentage of total XP
 D = Non-vault monster count
 E = Vault monster count
 F = Vault count percentage of total count
                 A         B        C        D         E       F
            +---------+---------+-------+---------+---------+-------
      Total |      27 |       0 |   0.0 |       3 |       0 |   0.0
            +---------+---------+-------+---------+---------+-------
        D:4 |      14 |       0 |   0.0 |       2 |       0 |   0.0
        D:5 |      13 |       0 |   0.0 |       1 |       0 |   0.0
            +---------+---------+-------+---------+---------+-------
